 Dungeon Crawl Stone Soup version 0.30-a0-860-g512cf1e979 (webtiles) character file.

Game seed: 5576080804464383652

115416 FexLirch the Brawler (level 16, -6/165 HPs)
             Began as a Troll Gladiator on Mar 7, 2023.
             Was an Initiate of Gozag.
             Mangled by a goliath frog (12 damage)
             ... on level 3 of the Swamp on Mar 8, 2023.
             The game lasted 02:07:43 (27633 turns).

FexLirch the Brawler (Troll Gladiator)             Turns: 27633, Time: 02:07:43

Health: -6/165     AC: -1    Str: 26    XL:     16   Next: 18%
Magic:  5/5        EV: 12    Int: 11    God:    Gozag
Gold:   5260       SH:  0    Dex: 15    Spells: 14/15 levels left

rFire   + + +      SeeInvis .    p - +9 arbalest "Fiomeet" {antimagic, rPois Int+2}
rCold   x . .      Faith    .    (shield currently unavailable)
rNeg    + . .      Spirit   .    a - +4 fire dragon scales "Vimoib" {*Corrode rF++ rC- rN+ Int+3 Slay+2}
rPois   +          Reflect  .    b - +0 hat "Ofuiw" {rF+}
rElec   .          Rampage  .    B - +1 cloak {Stlth+}
rCorr   +                        (gloves unavailable)
Will    +....                    (boots unavailable)
Stlth   +                        (no amulet)
HPRegen 1.27/turn                R - ring of resist corrosion
MPRegen 0.09/turn                O - ring of poison resistance

@: corroded
A: large, unfitting armour, claws 3, regeneration 1, shaggy fur 1, tough skin 1
a: Renounce Religion, Potion Petition, Call Merchant, Bribe Branch


You were on level 3 of the Swamp.
You worshipped Gozag.
Gozag was greatly pleased with you.
You visited 4 branches of the dungeon, and saw 23 of its levels.
You also visited: Gauntlet and Volcano.

You collected 10782 gold pieces.
You spent 3299 gold pieces at shops.
You paid 2223 gold pieces to Gozag.

Inventory:

Hand Weapons
 p - the +9 arbalest "Fiomeet" (weapon) {antimagic, rPois Int+2}
   (You bought it in a shop on level 6 of the Dungeon)

   Int:       It affects your intelligence (+2).
   rPois:     It protects you from poison.
Missiles
 c - 5 throwing nets
 d - 5 silver javelins
 e - 39 poisoned darts
 J - 6 curare-tipped darts
Armour
 a - the +4 fire dragon scales "Vimoib" (worn) {*Corrode rF++ rC- rN+ Int+3 Slay+2}
   (You bought it in a shop on level 2 of the Orcish Mines)

   Int:       It affects your intelligence (+3).
   Slay:      It affects your accuracy & damage with ranged weapons and melee
   (+2).
   rF:        It greatly protects you from fire.
   rC:        It makes you vulnerable to cold.
   rN:        It protects you from negative energy.
   *Corrode:  It may corrode you when you take damage.
 b - the +0 hat "Ofuiw" (worn) {rF+}
   (You found it in a Gauntlet)

   rF:        It protects you from fire.
 z - a +2 robe of resistance
 B - a +1 cloak of stealth (worn)
 Q - +0 ice dragon scales
Magical Staves
 W - a staff of air
Jewellery
 h - a +4 ring of protection
 n - a +4 ring of slaying
 F - a ring of wizardry
 G - a ring of protection from fire
 H - a ring of willpower
 K - a ring of see invisible
 N - a ring of protection from cold
 O - a ring of poison resistance (right claw)
 R - a ring of resist corrosion (left claw)
 Y - a ring of flight
Wands
 g - a wand of light (1)
 w - a wand of digging (6)
 T - a wand of flame (37)
 U - a wand of paralysis (19)
Scrolls
 i - 3 scrolls of fog
 j - a scroll of silence
 l - 2 scrolls of teleportation
 o - a scroll of vulnerability
 r - 3 scrolls of enchant armour
 y - a scroll of identify
 C - 2 scrolls of torment
 D - 4 scrolls of immolation
 E - a scroll of enchant weapon
 M - 2 scrolls of magic mapping
 P - 3 scrolls of poison
 V - 2 scrolls of summoning
Potions
 f - 6 potions of heal wounds
 k - 8 potions of curing
 m - 3 potions of haste
 q - 3 potions of mutation
 s - 5 potions of attraction
 t - 4 potions of invisibility
 v - 3 potions of berserk rage
 x - 4 potions of might
 A - 6 potions of flight
 I - 8 potions of brilliance
 S - a potion of ambrosia
 X - 3 potions of magic
 Z - 5 potions of lignification


   Skills:
 + Level 11.8 Fighting
 + Level 10.6 Ranged Weapons
 - Level 1.7 Throwing
 + Level 6.6 Armour
 - Level 10.0 Dodging
 + Level 17.4 Unarmed Combat


You had 14 spell levels left.
You knew the following spells:

 Your Spells              Type           Power      Damage    Failure   Level
a - Apportation           Tloc           0%         N/A       65%         1

Your spell library contained the following spells:

 Spells                   Type           Power      Damage    Failure   Level
 Foxfire                  Conj/Fire      0%         2x1d4     65%         1
 Magic Dart               Conj           0%         1d3       65%         1
 Slow                     Hex            0%         N/A       65%         1
 Sting                    Tmut/Pois      0%         1d3       65%         1
 Summon Small Mammal      Summ           0%         N/A       65%         1
 Call Imp                 Summ           0%         N/A       78%         2
 Cigotuvi's Dreadful Rot  Necr/Pois/Air  0%         N/A       78%         2
 Ensorcelled Hibernation  Hex/Ice        0%         N/A       78%         2
 Passwall                 Tmut/Erth      0%         N/A       78%         2
 Poisonous Vapours        Pois/Air       0%         N/A       78%         2
 Sublimation of Blood     Necr           0%         N/A       78%         2
 Call Canine Familiar     Summ           0%         N/A       95%         3
 Confusing Touch          Hex            0%         N/A       95%         3
 Dazzling Flash           Conj/Hex       0%         N/A       95%         3
 Gell's Gravitas          Tloc           0%         N/A       95%         3
 Kindle Blastsparks       Fire/Tloc/Air  0%         2d10      95%         3
 Mephitic Cloud           Conj/Pois/Air  0%         N/A       95%         3
 Ozocubu's Armour         Ice            0%         N/A       95%         3
 Summon Guardian Golem    Hex/Summ       0%         N/A       95%         3
 Swiftness                Air            0%         N/A       95%         3
 Teleport Other           Tloc           0%         N/A       95%         3
 Tukima's Dance           Hex            0%         N/A       95%         3
 Vampiric Draining        Necr           0%         2d6       95%         3
 Fulminant Prism          Conj/Hex       0%         3d5       100%        4
 Iskenderun's Mystic Bla  Conj/Tloc      0%         2d3       100%        4
 Olgreb's Toxic Radiance  Pois           0%         N/A       100%        4
 Passage of Golubria      Tloc           0%         N/A       100%        4
 Petrify                  Tmut/Erth      0%         N/A       100%        4
 Agony                    Necr           0%         N/A       100%        5
 Alistair's Intoxication  Tmut/Pois      0%         N/A       100%        5
 Borgnjor's Vile Clutch   Necr/Erth      0%         N/A       100%        5
 Fireball                 Conj/Fire      0%         3d3       100%        5
 Irradiate                Conj/Tmut      0%         3d11      100%        5
 Lee's Rapid Deconstruct  Erth           0%         3d4*      100%        5
 Silence                  Hex/Air        0%         N/A       100%        5
 Yara's Violent Unravell  Hex/Tmut       0%         3d3       100%        5
 Conjure Ball Lightning   Conj/Air       0%         3x3d6     100%        6
 Dispersal                Tloc           0%         N/A       100%        6
 Eringya's Noxious Bog    Tmut/Pois      0%         N/A       100%        6
 Starburst                Conj/Fire      0%         6d3       100%        6
 Ozocubu's Refrigeration  Ice            0%         4d7       100%        7
 Discord                  Hex            0%         N/A       100%        8
 Disjunction              Tloc           0%         N/A       100%        8


Dungeon Overview and Level Annotations

Branches:
Dungeon (13/15)            Temple (0/1) D:4            Lair (5/5) D:9
  Swamp (3/4) Lair:2        Snake (0/4) Lair:3        Slime (0/5) Lair:5
    Orc (2/2) D:12            Elf (0/3) Orc:2       Volcano (visited)
Gauntlet (visited)
 Vaults: D:13-14

Altars:
Ashenzari
Dithmenos
Elyvilon
Gozag
Hepliaklqana
Kikubaaqudgha
Okawaru
Ru
Sif Muna
Trog
Xom
Zin
The Shining One

Shops:
D:1 *   D:3 *   D:6 **(:   Orc:2 [(*([=[


Innate Abilities, Weirdness & Mutations

You are too large for most types of armour.
You have claws for hands.
Your natural rate of healing is unusually fast.
You are covered in fur. (AC +1)
You have tough skin. (AC +1)


Message History

You shoot a bolt.
The bolt closely misses the goliath frog.
The goliath frog hits you from afar!! The acid corrodes you!
You are splashed with acid.
You resist. The goliath frog hits you from afar.
You are splashed with acid.
You resist.
Fire: p) +9 arbalest "Fiomeet" {antimagic, rPois Int+2}
Press: ? - help, Q - select action, (/) - cycle Shift-Dir - straight line, f/p - goliath frog
Aim: a goliath frog (severely wounded, 60% to hit)
You shoot a bolt.
The bolt hits the goliath frog but does no damage.
The goliath frog is severely wounded.
The goliath frog barely misses you. x2
The goliath frog hits you from afar!
* * * LOW HITPOINT WARNING * * *
You are splashed with acid.
You resist.
* * * LOW HITPOINT WARNING * * *
Unknown command.
Aiming: Bolt of Light
Press: ? - help, Shift-Dir - straight line, f/p - goliath frog
Aim: a goliath frog (severely wounded, 50% to hit)
The bolt of light misses the goliath frog.
The goliath frog closely misses you.
Aiming: Bolt of Light
Press: ? - help, Shift-Dir - straight line, f/p - goliath frog
Aim: a goliath frog (severely wounded, 50% to hit)
The bolt of light misses the goliath frog.
The goliath frog hits you from afar!!
* * * LOW HITPOINT WARNING * * *
You are splashed with acid.
You resist.
* * * LOW HITPOINT WARNING * * *
As you read the scroll of fear, it crumbles to dust.
You assume a fearsome visage.
The goliath frog resists with some effort.
The goliath frog hits you from afar!
* * * LOW HITPOINT WARNING * * *
You are splashed with acid.
You resist.
* * * LOW HITPOINT WARNING * * *
The goliath frog hits you from afar!
You die...
Your body crumbles into a pile of gold.

♣.~~~..~~..~~~~~~~...~~~~~~♣
...§~~...~..~~..~~~<.~~.~~~~§
~~.~~~...>~.....~.......~~~~.
~~..~~~.~~..~~~~......~~....♣
♣♣....~~~~~.~~~~....~~~~~~..♣
♣~~~~~~~~~~~~~~~.~~§~~..~~~.~
$~♣.~~~..~~~~.~~~~.~.~~~..~~~.~
.F~~~~♣.~§~~..~~...~~.....~~..
.~§§.♣♣..~~F.@§............~~.
~~~~.♣♣♣.....~~§.~~~~~.<...~~.
~~~~..♣♣....~~~~..§~~~~....~~.
♣....~~.~~.~~~~~♣~~~~..♣♣k...
♣♣.!..?.~~~...~♣♣♣♣♣~♣♣♣ ~~.
♣.~~...♣.~~~.♣♣♣ ♣. ~~
..~~~~§~...~~~.♣ ♣♣ ~
~~.~~~~~.~.~~~.♣
..♣.~~...~~~.....


You could see a goliath frog.

Vanquished Creatures
  Rupert (Lair:5)
  Gastronok (D:9)
  A thorn hunter (Swamp:2)
  A fenstrider witch (Swamp:2)
  A ghoul (Swamp:2)
  3 bunyips
  The ghost of Ukim the Fighter, a journeyman MfGl of Lugonu (Lair:4)
  A minotaur (Gauntlet)
  A red draconian (Volcano)
  4 eleionomae
  A dire elephant (Lair:5)
  An ice dragon (Lair:5)
  4 hydras
  Erolcha (D:10)
  Harold (D:9)
  An ogre mage (Volcano)
  2 ghost crabs
  A boulder beetle (Lair:2)
  4 catoblepae
  7 alligators
  A centaur warrior (D:13)
  8 two-headed ogres
  6 death yaks (Lair:3)
  5 skysharks
  An orc high priest (Orc:2)
  Urug (Orc:1)
  4 skeletal warriors (D:12)
  A death drake (Swamp:3)
  4 goliath frogs
  Lodul (D:10)
  3 bog bodies
  3 spriggan druids
  11 swamp dragons
  4 lindwurms (Lair:5)
  5 orc knights (Orc:2)
  2 oklob plants (Gauntlet)
  5 manticores
  An ugly thing (D:11)
  2 will-o-the-wisps
  7 elephants
  4 orc sorcerers (Orc:2)
  8 torpor snails
  7 black mambas
  A molten gargoyle (Volcano)
  2 gargoyles
  2 kobold demonologists
  2 unseen horrors (D:12)
  6 cane toads
  6 komodo dragons
  7 rime drakes
  A tengu conjurer (D:10)
  5 trolls
  2 polar bears (Lair:5)
  3 meliai
  5 tyrant leeches
  10 hornets
  11 dream sheep (Lair:5)
  6 blink frogs
  A spectral dream sheep (Lair:2)
  Sigmund (D:6)
  2 shadows
  61 yaks
  2 wraiths
  5 spriggans (Swamp:2)
  7 wyverns
  11 flying skulls (Gauntlet)
  A hog (shapeshifter) (D:10)
  5 vampire mosquitoes
  4 steam dragons
  A basilisk (Lair:5)
  2 nagas (Lair:3)
  10 swamp worms
  4 acid dragons
  4 wargs
  11 water moccasins
  Duvessa (D:7)
  30 orc warriors
  4 sky beasts
  An ice beast (D:7)
  26 ogres
  2 centaurs (D:9)
  A spectral rime drake (Lair:2)
  6 wolves (Lair:3)
  A phantom (D:4)
  4 kobold brigands
  11 bullfrogs
  3 scorpions
  A spectral water moccasin (Lair:2)
  5 gnoll sergeants
  11 wights
  Dowan (D:7)
  A spectral wolf (Lair:2)
  7 killer bees
  3 electric eels (Lair:4)
  8 howler monkeys
  5 lava snakes (Volcano)
  16 hounds
  Crazy Yiuf (D:5)
  8 gnoll boudas
  26 orc priests
  14 jellies
  4 iguanas
  3 sleepcaps
  Jessica (D:3)
  35 orc wizards
  6 hell rats (Lair:3)
  33 gnolls
  9 adders
  A shadow imp (D:8)
  2 white imps
  2 ufetubi
  2 worms
  2 dart slugs (D:1)
  99 orcs
  7 bats
  6 endoplasms
  8 giant cockroaches
  7 goblins
  16 hobgoblins
  A jackal (D:6)
  4 quokkas
  8 ball pythons
  5 frilled lizards
  26 kobolds
  6 rats
823 creatures vanquished.

Vanquished Creatures (collateral kills)
  An orc warlord (Orc:2)
  An orc warrior (Orc:2)
2 creatures vanquished.

Vanquished Creatures (others)
  An orc (D:12)
  6 foxfires
  12 fungi
  85 plants
  2 withered plants (Gauntlet)
106 creatures vanquished.

Grand Total: 931 creatures vanquished

Notes
Turn   | Place    | Note
-------+----------+-------------------------------------------
     0 | D:1      | FexLirch the Troll Gladiator began the quest for the Orb.
     0 | D:1      | Reached XP level 1. HP: 19/19 MP: 0/0
    96 | D:1      | Reached XP level 2. HP: 27/27 MP: 1/1
   457 | D:1      | Reached skill level 4 in Unarmed Combat
   531 | D:1      | Found Pubruj Nyma's General Store.
   551 | D:1      | Bought a potion of heal wounds for 50 gold pieces
   949 | D:2      | Reached XP level 3. HP: 28/33 MP: 2/2
  1350 | D:2      | Found a white marble altar of Elyvilon.
  1525 | D:2      | Found a faded altar of an unknown god.
  1531 | D:2      | Prayed at the altar of an unknown god.
  1531 | D:2      | Became a worshipper of Gozag Ym Sagoz the Greedy
  1737 | D:2      | Reached XP level 4. HP: 31/41 MP: 3/3
  1745 | D:2      | Reached skill level 5 in Unarmed Combat
  1852 | D:3      | Noticed Jessica
  1884 | D:3      | Found a shimmering altar of Xom.
  1936 | D:3      | Found a bloodstained altar of Trog.
  1937 | D:3      | Noticed a sky beast
  1979 | D:3      | Found a transporter.
  1993 | D:3      | Found a transporter.
  2143 | D:3      | Reached XP level 5. HP: 40/48 MP: 4/4
  2312 | D:3      | Found Hociujiwk's Assorted Antiques.
  2315 | D:3      | Bought a potion of heal wounds for 165 gold pieces
  2493 | D:3      | Reached skill level 6 in Unarmed Combat
  2520 | D:4      | Reached XP level 6. HP: 14/55 MP: 5/5
  2525 | D:3      | HP: 2/55 [poisoned by a scorpion]
  2530 | D:3      | HP: 2/55 [poisoned by a scorpion]
  2615 | D:4      | Reached skill level 7 in Unarmed Combat
  2777 | D:4      | Found a glowing silver altar of Zin.
  2787 | D:4      | Found a staircase to the Ecumenical Temple.
  2828 | D:4      | Reached skill level 8 in Unarmed Combat
  2834 | D:4      | Reached XP level 7. HP: 60/62 MP: 6/6
  3046 | D:4      | Found an opulent altar of Gozag.
  3124 | D:4      | Found a shadowy altar of Dithmenos.
  3188 | D:5      | Entered Level 5 of the Dungeon
  3236 | D:5      | Identified the +1 great mace of the Equinox {heavy, Dex+4}
  3499 | D:5      | Reached skill level 9 in Unarmed Combat
  3682 | D:5      | Found a runed translucent door.
  3683 | D:5      | Noticed Crazy Yiuf
  3981 | D:5      | Killed Crazy Yiuf
  4049 | D:6      | Found Ydusmu's Assorted Antiques.
  4056 | D:6      | Bought a dented brass amulet for 110 gold pieces
  4125 | D:6      | Found Qiwninir's General Store.
  4134 | D:6      | Reached XP level 8. HP: 70/70 MP: 7/7
  4138 | D:6      | Bought a scroll of identify for 24 gold pieces
  4156 | D:6      | Reached skill level 10 in Unarmed Combat
  4161 | D:6      | Reached skill level 1 in Ranged Weapons
  4363 | D:6      | Found an ancient bone altar of Kikubaaqudgha.
  4521 | D:6      | Found a sacrificial altar of Ru.
  4614 | D:6      | Found Baiq's Magic Scroll Shoppe.
  4802 | D:6      | Found Suguk's Book Boutique.
  4813 | D:6      | Found Fiqui's Weapon Shoppe.
  4851 | D:6      | Noticed Sigmund
  4923 | D:7      | Reached skill level 11 in Unarmed Combat
  4970 | D:7      | Reached XP level 9. HP: 76/76 MP: 8/8
  5557 | D:6      | Bought the +9 arbalest "Fiomeet" {antimagic, rPois Int+2}
                  | for 886 gold pieces
  5612 | D:7      | Found an iron altar of Okawaru.
  5632 | D:7      | Noticed Dowan
  5633 | D:7      | Noticed Duvessa
  5641 | D:7      | Killed Duvessa
  5646 | D:7      | Killed Dowan
  6099 | D:7      | Noticed a kobold demonologist
  6171 | D:7      | Identified the +0 mace of Fivimugg {flame, rElec Int-4
                  | Stlth+}
  6379 | D:7      | Killed a kobold demonologist
  6380 | D:7      | Reached skill level 12 in Unarmed Combat
  6380 | D:7      | Reached XP level 10. HP: 90/91 MP: 3/9
  7006 | D:8      | Noticed a two-headed ogre
  7016 | D:8      | Killed a two-headed ogre
  7017 | D:8      | Reached skill level 5 in Ranged Weapons
  7462 | D:8      | Reached skill level 5 in Dodging
  7861 | D:9      | Noticed Harold
  8134 | D:9      | Killed Harold
  8279 | D:9      | Reached skill level 5 in Fighting
  8355 | D:9      | Noticed Gastronok
  8367 | D:9      | Killed Gastronok
  8368 | D:9      | Reached XP level 11. HP: 104/104 MP: 3/10
  8825 | D:9      | Found a staircase to the Lair.
  8838 | D:9      | Found a broken altar of Ashenzari.
  8867 | D:9      | Reached skill level 13 in Unarmed Combat
  9263 | D:10     | Entered Level 10 of the Dungeon
  9771 | D:10     | Noticed a two-headed ogre
  9784 | D:10     | Killed a two-headed ogre
 10107 | D:10     | Noticed Lodul
 10108 | D:10     | Noticed Erolcha
 10239 | D:10     | Killed Lodul
 10423 | D:10     | Found a glowing golden altar of the Shining One.
 10433 | D:10     | Killed Erolcha
 10658 | D:11     | Noticed a green ugly thing
 10663 | D:11     | Killed a green ugly thing
 11066 | D:11     | Noticed a two-headed ogre
 11067 | D:11     | Reached XP level 12. HP: 115/115 MP: 3/11
 11425 | D:11     | Killed a two-headed ogre
 12119 | D:12     | Reached skill level 14 in Unarmed Combat
 12562 | D:12     | Found a staircase to the Orcish Mines.
 12700 | D:13     | Noticed a centaur warrior
 12707 | D:13     | Killed a centaur warrior
 12712 | D:13     | Noticed a vault guard
 13052 | D:3      | Killed Jessica
 13057 | D:3      | Found a shimmering blue altar of Sif Muna.
 13163 | D:6      | Killed Sigmund
 13290 | D:6      | Found a hazy altar of Hepliaklqana.
 13407 | Lair:1   | Entered Level 1 of the Lair of Beasts
 13561 | Lair:1   | You fall into a shaft and drop 1 floor!
 14786 | Lair:3   | Reached XP level 13. HP: 120/127 MP: 4/12
 15125 | Lair:3   | Found a dark tunnel.
 15132 | Volcano  | Entered a volcano
 15226 | Volcano  | Found a bloodstained altar of Trog.
 15238 | Volcano  | Reached skill level 15 in Unarmed Combat
 15337 | Volcano  | Noticed a red draconian
 15351 | Volcano  | Killed a red draconian
 15596 | Lair:3   | Found a staircase to the Snake Pit.
 17215 | Lair:2   | Reached XP level 14. HP: 105/138 MP: 13/13
 17555 | Lair:2   | Found a staircase to the Swamp.
 17771 | Lair:4   | Found a large runed translucent door.
 17772 | Lair:4   | Found a large runed translucent door.
 17775 | Lair:4   | Noticed Ukim's ghost (journeyman MfGl)
 17785 | Lair:4   | Killed Ukim's ghost
 17966 | Lair:4   | Found a gate leading to a gauntlet.
 17975 | Gauntlet | Entered a Gauntlet
 17975 | Gauntlet | Found a transporter.
 17986 | Gauntlet | Found a transporter.
 18002 | Gauntlet | Found a transporter.
 18006 | Gauntlet | Found a large runed translucent door.
 18006 | Gauntlet | Found a large runed translucent door.
 18008 | Gauntlet | Found a large runed translucent door.
 18008 | Gauntlet | Found a large runed translucent door.
 18008 | Gauntlet | Found a large runed translucent door.
 18009 | Gauntlet | Found a runed translucent door.
 18010 | Gauntlet | Found a transporter.
 18011 | Gauntlet | Found a runed translucent door.
 18012 | Gauntlet | Found a large runed translucent door.
 18012 | Gauntlet | Found a large runed translucent door.
 18012 | Gauntlet | Found a large runed translucent door.
 18013 | Gauntlet | Found a large runed translucent door.
 18014 | Gauntlet | Found a large runed translucent door.
 18020 | Gauntlet | Found a large runed translucent door.
 18020 | Gauntlet | Found a large runed translucent door.
 18021 | Gauntlet | Found a large runed translucent door.
 18021 | Gauntlet | Found a large runed translucent door.
 18021 | Gauntlet | Found a large runed translucent door.
 18023 | Gauntlet | Found a runed translucent gate.
 18023 | Gauntlet | Found a runed translucent gate.
 18023 | Gauntlet | Found a runed translucent gate.
 18025 | Gauntlet | Found a transporter.
 18036 | Gauntlet | Found a large runed translucent door.
 18044 | Gauntlet | Found a transporter.
 18056 | Gauntlet | Found a transporter.
 18075 | Gauntlet | Found a transporter.
 18077 | Gauntlet | Found a transporter.
 18100 | Gauntlet | Found a transporter.
 18105 | Gauntlet | Found a transporter.
 18120 | Gauntlet | Found a transporter.
 18125 | Gauntlet | Found a transporter.
 18127 | Gauntlet | Found a transporter.
 18157 | Gauntlet | Found a transporter.
 18171 | Gauntlet | Found a transporter.
 18204 | Gauntlet | Found a transporter.
 18273 | Gauntlet | Found a transporter.
 18421 | Gauntlet | Reached skill level 10 in Dodging
 18455 | Gauntlet | Identified the +0 hat "Ofuiw" {rF+}
 19634 | Lair:5   | Entered Level 5 of the Lair of Beasts
 19842 | Lair:5   | Reached skill level 1 in Armour
 19925 | Lair:5   | Found a staircase to the Slime Pits.
 20047 | Lair:5   | Reached skill level 10 in Fighting
 20110 | Lair:5   | Noticed Rupert
 20128 | Lair:5   | Killed Rupert
 20129 | Lair:5   | Reached skill level 16 in Unarmed Combat
 21246 | Lair:5   | Found a runed translucent door.
 21366 | Lair:5   | Paralysed by a hornet for 2 turns
 21396 | Lair:5   | Reached XP level 15. HP: 128/152 MP: 4/14
 22010 | Orc:1    | Entered Level 1 of the Orcish Mines
 22190 | Orc:1    | Noticed Urug
 22196 | Orc:1    | Killed Urug
 22457 | Orc:2    | Entered Level 2 of the Orcish Mines
 23009 | Orc:2    | Paralysed by an orc sorcerer for 2 turns
 23160 | Orc:2    | Found a staircase to the Elven Halls.
 23209 | Orc:2    | Found Zamatem's Antique Armour Shop.
 23572 | Orc:2    | Found Haizajef's Jewellery Boutique.
 23654 | Orc:2    | Found Huitiyt's Antique Armour Boutique.
 23675 | Orc:2    | Bought a fine robe for 91 gold pieces
 23675 | Orc:2    | Identified the +0 robe of Classification {Str+3} (You
                  | bought it in a shop on level 2 of the Orcish Mines)
 23683 | Orc:2    | Found Azeereuse's General Store.
 23691 | Orc:2    | Bought a potion of heal wounds for 55 gold pieces
 23691 | Orc:2    | Bought a scroll of fear for 44 gold pieces
 23691 | Orc:2    | Bought a scroll of teleportation for 33 gold pieces
 23707 | Orc:2    | Found Dyuliege's Antique Weapon Boutique.
 23732 | Orc:2    | Bought a ring of willpower for 375 gold pieces
 23962 | Orc:2    | Bought a dazzling shortbow for 264 gold pieces
 23962 | Orc:2    | Identified the +4 shortbow "Qemearghi" {drain, rPois Int+2}
                  | (You bought it in a shop on level 2 of the Orcish Mines)
 23967 | Orc:2    | Bought the +4 fire dragon scales "Vimoib" {*Corrode rF++
                  | rC- rN+ Int+3 Slay+2} for 1202 gold pieces
 23981 | Orc:2    | Learned a level 1 spell: Apportation
 24193 | Swamp:1  | Entered Level 1 of the Swamp
 24217 | Swamp:1  | Reached skill level 10 in Ranged Weapons
 24385 | Lair:2   | Reached skill level 5 in Armour
 25650 | Swamp:2  | Reached skill level 17 in Unarmed Combat
 26105 | Swamp:2  | Noticed a thorn hunter
 26117 | Swamp:2  | Killed a thorn hunter
 26237 | Swamp:2  | Noticed a fenstrider witch
 26253 | Swamp:2  | Killed a fenstrider witch
 26664 | Swamp:2  | Reached XP level 16. HP: 78/163 MP: 5/15
 27633 | Swamp:3  | HP: 6/165 [acid (4)]
 27633 | Swamp:3  | Mangled by a goliath frog

Illustrated notes

Levels and vault maps discovered:
D:1:      spicycebolla_green_bress_n_ham_2, layout_basic, serial_shops,
          nicolae_shop_hallway_stairs
D:2:      layout_loops_ring, chequers_ecumenical_altar_simple, basic_altar
D:3:      layout_basic, xom_teletrap_fun, tgw_sif,
          gammafunk_temple_overflow_arena, serial_shops,
          nicolae_shop_behind_doors, minivault_14
D:4:      layout_basic, lemuel_coloured_pillars_altar,
          pdpol_temple_overflow_zin_treasury_gozag_greed,
          minmay_temple_entry_butterflies
D:5:      layout_rooms, uniq_crazy_yiuf_cottage
D:6:      layout_cave_pods, nicolae_ru_great_annihilating_truth,
          worldfamousw_hep_ancestral_shrine, lemuel_tele_altar, serial_shops,
          nicolae_shop_window_shopping, nicolae_take_the_stairs,
          nicolae_shop_advertising_works [nicolae_subvault_shop_adworks],
          nicolae_stop_n_shop_2, nicolae_diamond_shop,
          kennysheep_generic_room_14, uniq_sigmund
D:7:      lemuel_castle_with_subvaults [lemuel_castle_interior_carwin_3],
          layout_basic, mainiacjoe_overflow_concentric_impassable, uniq_duvessa
D:8:      layout_cave_pods
D:9:      kennysheep_housing_project, layout_loops_ring, lemuel_round_altar,
          lair_entry_dummy, uniq_harold, uniq_gastronok
D:10:     layout_layer_cave, mainiacjoe_overflow_brackets, minivault_20,
          uniq_lodul, uniq_erolcha
D:11:     layout_rooms, minmay_fractal_squares_gapless_5
D:12:     layout_cave_pools, hiddenorc1_lemuel, lemuel_flamethrower_2
D:13:     layout_roguey, grunt_vaults_entry_fortified,
          ebering_ghost_reflecting_pool, serial_park_tiny_2, eino_jars
Lair:1:   layout_small_grid
Lair:2:   layout_gridlike, nicolae_swamp_entry_spooky, serial_bayou_shore_b,
          grunt_megastairs_5
Lair:3:   nzn_motion_control, layout_long_grid, guppyfry_snake_entry_garden,
          enter_volcano_4, grunt_megastairs_2
Lair:4:   layout_layer_cave, gauntlet_entry_generic,
          ebering_ghost_disaster_area, serial_bayou_lagoon_b
Lair:5:   hangedman_lair_in_review, layout_cave_pods, wormcave,
          minmay_slime_entry_jelly_boxes, uniq_rupert
Swamp:1:  layout_basic_swamp, evilmike_swamp_ruin_house_4,
          nicolae_swamp_feature_on_the_river_bank
Swamp:2:  nzn_winding_woodlands_small [nzn_winding_woodlands_5x15_longhouse,
          nzn_winding_woodlands_center_diamonds,
          nzn_winding_woodlands_5x15_cabin], layout_basic_swamp,
          evilmike_swamp_ruin_house_1, swamp_pool4, hangedman_swamp_diagram,
          st_swamp_ruins_2
Swamp:3:  layout_basic_swamp, serial_swamp_ruin, evilmike_swamp_ruin_house_5,
          evilmike_swamp_ruin_house_6
Orc:1:    layout_diamond_mine, basic_altar, uniq_urug
Orc:2:    grunt_orc_cross, layout_diamond_mine, serial_shops,
          nicolae_shop_hallway_plus, mines2_david

Skill      XL: |  1  2  3  4  5  6  7  8  9 10 11 12 13 14 15 |
---------------+----------------------------------------------+-----
Unarmed Combat | 4 5 6 8 9 11 12 13 14 15 16 17 | 17.4
Ranged Weapons | 3 4 5 6 7 8 9 10 | 10.6
Fighting       | 3 5 6 8 9 10 11 | 11.8
Dodging        | 3 5 7 8 9 10 | 10.0
Armour         | 3 6 |  6.6
Throwing       | |  1.7

Action                     |  1- 3 |  4- 6 |  7- 9 | 10-12 | 13-15 | 16-18 || total
---------------------------+-------+-------+-------+-------+-------+-------++-------
  Melee: Unarmed           |   120 |   114 |   271 |   408 |   843 |    63 ||  1819
         Punch             |     2 |     4 |    13 |    25 |    91 |     6 ||   141
   Fire: Sling             |     1 |    30 |    37 |       |       |       ||    68
         Arbalest          |       |       |    64 |   364 |   513 |    36 ||   977
  Throw: Large rock        |       |       |     2 |       |       |       ||     2
         Dart              |       |       |     3 |       |       |       ||     3
 Invoke: Potion Petition   |       |       |       |       |     2 |       ||     2
         Call Merchant     |       |       |       |       |     2 |       ||     2
  Evoke: Wand              |       |       |       |       |     6 |     2 ||     8
    Use: Scroll            |       |       |    10 |    11 |    10 |     4 ||    35
         Potion            |       |       |       |       |     6 |       ||     6
   Stab: Sleeping          |     1 |     1 |       |       |       |       ||     2
         Paralysed         |       |       |     2 |       |       |       ||     2
         Distracted        |       |       |     1 |     3 |     1 |       ||     5
         Invisible         |       |       |       |       |     1 |       ||     1
 Armour: Robe              |    38 |    27 |    71 |   147 |   162 |       ||   445
         Ice dragon scales |       |       |       |       |     5 |       ||     5
         Fire dragon scale |       |       |       |       |   130 |    38 ||   168
  Dodge: Dodged            |    45 |    49 |    96 |   232 |   475 |    40 ||   937

Table legend: (Time is in decaauts)
 A = Elapsed time spent in this place.
 B = Non-inter-level travel time spent in this place.
 C = Inter-level travel time spent in this place.
 D = Time resting spent in this place.
 E = Time spent auto-exploring this place.
 F = Levels seen in this place.
 G = Mean time per level.
                   A        B        C        D        E       F      G
               +--------+--------+--------+--------+--------+-----+--------+
         Total |  27546 |  25216 |   2330 |   1943 |  13721 |  25 | 1101.8 |
       Dungeon |  13576 |  12204 |   1372 |    509 |   7606 |  13 | 1044.3 |
          Lair |   7623 |   6970 |    653 |    536 |   4100 |   5 | 1524.6 |
         Swamp |   3265 |   3141 |    124 |    697 |   1368 |   3 | 1088.3 |
  Orcish Mines |   2081 |   1901 |    180 |     91 |    647 |   2 | 1040.5 |
       Volcano |    365 |    365 |      0 |    108 |      0 |   1 |  365.0 |
      Gauntlet |    634 |    634 |      0 |      0 |      0 |   1 |  634.0 |
               +--------+--------+--------+--------+--------+-----+--------+

Top non-repeatable levels by time:
  Lair:5: 2068 daAuts
 Swamp:2: 1959 daAuts
     D:7: 1798 daAuts
   Orc:2: 1514 daAuts
  Lair:4: 1500 daAuts
     D:9: 1488 daAuts
    D:10: 1477 daAuts
  Lair:3: 1462 daAuts
  Lair:2: 1320 daAuts
  Lair:1: 1271 daAuts
     D:8: 1230 daAuts
 Swamp:1: 1204 daAuts
    D:11: 1103 daAuts
     D:6: 1101 daAuts
    D:12: 1038 daAuts
